 Dungeon Crawl Stone Soup version 0.29-a0-82-g837932c90e (webtiles) character file.

Game seed: 13604607613611859968

27 HallandMoats the Skirmisher (level 3, 29/29 HPs)
             Began as a Ghoul Monk on Feb 5, 2022.
             Was a Believer of Hepliaklqana.
             Safely got out of the dungeon.
             The game lasted 00:01:21 (891 turns).

HallandMoats the Skirmisher (Ghoul Monk)             Turns: 891, Time: 00:01:21

Health: 29/29      AC:  2    Str: 16    XL:     3   Next: 10%
Magic:  2/2        EV: 12    Int:  5    God:    Hepliaklqana [**....]
Gold:   49         SH:  0    Dex: 11    Spells: 2/2 levels left

rFire   . . .      SeeInvis .     - Unarmed
rCold   + . .      Faith    .   (no shield)
rNeg    + + +      Spirit   .   a - +0 robe
rPois   ∞          Reflect  .   (no helmet)
rElec   .          Harm     .   (no cloak)
rCorr   .          Rampage  .   (no gloves)
Will    .....                   (no boots)
Stlth   ++........              (no amulet)
HPRegen 0.09/turn               (no ring)
MPRegen 0.08/turn               (no ring)

@: no status effects
A: reduced essence, claws 1, cold resistance 1, negative energy resistance 3,
inhibited regeneration, torment resistance 2
a: Renounce Religion, Ancestor Life: Knight, Ancestor Life: Battlemage, Ancestor
Life: Hexer, Recall Ancestor, Ancestor Identity


You escaped.
You worshipped Hepliaklqana.
Hepliaklqana was pleased with you.
You visited 1 branch of the dungeon, and saw 1 of its levels.

You collected 49 gold pieces.

Inventory:

Armour
 a - a +0 robe (worn)
Scrolls
 b - a scroll of vulnerability {unknown}
 d - a scroll of immolation {unknown}
Potions
 c - a potion of flight {unknown}
 e - 2 potions of berserk rage {unknown}


   Skills:
 * Level 3.8 Fighting
 + Level 0.7 Armour
 + Level 2.9 Dodging
 - Level 2.1 Stealth
 * Level 3.7 Unarmed Combat


You had 2 spell levels left.
You didn't know any spells.
Your spell library was empty.

Dungeon Overview and Level Annotations

Branches:
Dungeon (1/15)

Altars:
Hepliaklqana


Innate Abilities, Weirdness & Mutations

Your life essence is reduced to manifest your ancestor. (-10% HP)
You thrive by killing the living.
You are immune to poison.
You have sharp fingernails.
Your flesh is cold resistant. (rC+)
You are immune to negative energy. (rN+++)
You do not regenerate when monsters are visible.
You are immune to unholy pain and torment.


Message History

Your experience leads to an increase in your attributes!
Increase (S)trength, (I)ntelligence, or (D)exterity?
You feel stronger. x2
You claw the goblin!
You kill the goblin!
You scratch the quokka.
The quokka is moderately wounded.
The quokka bites you but does no damage.
You claw the quokka!
You kill the quokka!
The rat barely misses you.
You closely miss the rat. The rat bites you but does no damage.
You scratch the rat.
You kill the rat!
No target in view!
No target in view!
No target in view!
Found a whip.
Things that are here:
a +0 club; a rat corpse; a goblin corpse You now have 49 gold pieces (gained 6).
e - 2 orange potions
There is a faded altar of an unknown god here.
You cannot tell which god this altar belongs to.
Convert to them anyway?
Hepliaklqana accepts your prayer! Hepliaklqana welcomes you!
Hepliaklqana forms a fragment of your life essence into the memory of your ancestor, Ntombi!
You can now recall your ancestor.
You can now remember your ancestor's identity.
You may now remember your ancestor's life.
Unknown command.
Press < or > to pray at altars.
Unknown command.
Press < or > to pray at altars.
(D) Dungeon
Where to? (? - help)
What level of the Dungeon? (default 1, ? - help)
There is a staircase leading out of the dungeon here.
Are you sure you want to leave the Dungeon?
This will make you lose the game!
You have escaped!

#................R...#.########
#.PPPPPPPPPPPPP.#.#............
###.PPPP.....PPPP.#.#..#.##..##.#
....PP..PPPPP..PP.#.............#
#...P.PPP...PPP.P.###..#.....####
..#.P.PP.PPP.PP.P.###..####..#
###..PP.PP.PP.PP.......# ##.....
###..P.PP.P.PP.PR.###........###
................@.# #######...#
#.#..P.PP.P.PP.P..## #...#
#>#..PP.PP.PP.PP...# #...#
#.#.P.PP.PPP.PP.P..# #####...###
#.#.P..PP...PPP.P..####..........
#.#.PP...PPPP..PP................
..#.PPPP.....PP.P.(..##..........
..#.PPPPPPPPP........####.#....##
#.#..................# #.#....#


You could see the friendly Ntombi the ancestor.

Vanquished Creatures
  A dart slug (D:1)
  3 bats (D:1)
  3 endoplasms (D:1)
  A giant cockroach (D:1)
  4 goblins (D:1)
  3 hobgoblins (D:1)
  A kobold (D:1)
  A quokka (D:1)
  2 ball pythons (D:1)
  A frilled lizard (D:1)
  A rat (D:1)
21 creatures vanquished.

Vanquished Creatures (others)
  73 plants (D:1)
73 creatures vanquished.

Grand Total: 94 creatures vanquished

Notes
Turn   | Place    | Note
-------+----------+-------------------------------------------
     0 | D:1      | HallandMoats the Ghoul Monk began the quest for the Orb.
     0 | D:1      | Reached XP level 1. HP: 19/19 MP: 0/0
   454 | D:1      | Reached XP level 2. HP: 26/26 MP: 1/1
   848 | D:1      | Found a faded altar of an unknown god.
   853 | D:1      | Reached XP level 3. HP: 31/33 MP: 2/2
   869 | D:1      | Prayed at the altar of an unknown god.
   869 | D:1      | Became a worshipper of Hepliaklqana the Forgotten
   869 | D:1      | Reached * piety under Hepliaklqana
   869 | D:1      | Reached ** piety under Hepliaklqana
   891 | D:$      | Safely got out of the dungeon.

Illustrated notes

Levels and vault maps discovered:
D:1:      roderic_crop_circles_arrival_small, layout_loops_cross,
          hellmonk_ecumenical_altar_run_dry

Action                   || total
-------------------------++-------
Melee: Unarmed           ||   356
       Punch             ||    19
 Stab: Sleeping          ||     1
Armor: Robe              ||    13
Dodge: Dodged            ||    50

Table legend: (Time is in decaauts)
 A = Elapsed time spent in this place.
 B = Non-inter-level travel time spent in this place.
 C = Inter-level travel time spent in this place.
 D = Time resting spent in this place.
 E = Time spent auto-exploring this place.
 F = Levels seen in this place.
 G = Mean time per level.
                   A        B        C        D        E       F      G
               +--------+--------+--------+--------+--------+-----+--------+
         Total |    867 |    847 |     20 |      0 |    352 |   1 |  867.0 |
       Dungeon |    867 |    847 |     20 |      0 |    352 |   1 |  867.0 |
               +--------+--------+--------+--------+--------+-----+--------+

Top non-repeatable levels by time:
     D:1: 867 daAuts
